 Dungeon Crawl Stone Soup version 0.30-a0-364-gf6b3ef1049 (webtiles) character file.

Game seed: 8523073658392501051

2213 tilp the Magician (level 9, 0/67 (69) HPs)
             Began as a Demonspawn Gladiator on Nov 15, 2022.
             Was an Initiate of Gozag.
             Killed from afar by Crazy Yiuf (13 damage)
             ... with a puff of flame
             ... on level 6 of the Dungeon.
             The game lasted 00:11:24 (6633 turns).

tilp the Magician (Demonspawn Gladiator)            Turns: 6633, Time: 00:11:24

HP:   0/67 (69)     AC:  6    Str: 18    XL:     9   Next: 13%
MP:   18/18         EV: 13    Int: 16    God:    Gozag
Gold: 498           SH:  4    Dex: 15    Spells: 18/20 levels left

rFire   . . .      SeeInvis .    b - +0 dire flail
rCold   . . .      Faith    .    (shield currently unavailable)
rNeg    + . .      Spirit   .    r - +0 leather armour
rPois   .          Reflect  .    (helmet restricted)
rElec   .          Harm     .    s - +1 cloak
rCorr   .          Rampage  .    C - +0 pair of gloves
Will    .....                    (no boots)
Stlth   ++........               (no amulet)
HPRegen 0.31/turn                f - ring of positive energy
MPRegen 0.16/turn                i - +6 ring of intelligence

@: lightly drained
A: antennae 2, large bone plates 1, icemail 2, condensation shield, demonic
magic 1
a: Renounce Religion, Potion Petition, Call Merchant, Bribe Branch


You were on level 6 of the Dungeon.
You worshipped Gozag.
Gozag was aware of your devotion.
You visited 1 branch of the dungeon, and saw 6 of its levels.

You collected 557 gold pieces.
You paid 59 gold pieces to Gozag.

Inventory:

Hand Weapons
 a - a +2 vorpal flail
 b - a +0 dire flail (weapon)
 c - a +2 vampiric whip
 u - a +3 war axe of freezing
 x - a +1 flail
Missiles
 d - 5 throwing nets
 e - 7 javelins
 m - 6 boomerangs (quivered)
 n - 59 stones
 y - 2 poisoned darts
Armour
 r - a +0 leather armour (worn)
 s - a +1 cloak (worn)
 C - a +0 pair of gloves (worn)
Jewellery
 f - a ring of positive energy (left hand)
 i - a +6 ring of intelligence (right hand)
 z - a ring of ice
Scrolls
 j - 3 scrolls of teleportation
 k - 5 scrolls of enchant weapon
 o - 2 scrolls of blinking
 w - a scroll of summoning
Potions
 g - 4 potions of curing
 h - 2 potions of lignification
 l - 3 potions of mutation
 p - 2 potions of resistance
 q - a potion of brilliance
 t - 2 potions of haste
 v - a potion of ambrosia {unknown}
 A - a potion of cancellation {unknown}
 B - a potion of might
 D - 2 potions of flight {unknown}
 E - 2 potions of attraction {unknown}


   Skills:
 - Level 6.0 Fighting
 + Level 5.8 Maces & Flails
 - Level 2.0 Throwing
 - Level 4.0 Dodging
 - Level 2.0 Stealth
 - Level 6.0 Spellcasting
 - Level 4.0 Translocations


You had 18 spell levels left.
You knew the following spells:

 Your Spells              Type           Power      Damage    Failure   Level
a - Blink                 Tloc           34%        N/A       4%          2

Your spell library contained the following spells:

 Spells                   Type           Power      Damage    Failure   Level
 Kiss of Death            Conj/Necr      16%        2d6       16%         1
 Necrotise                Necr           16%        1d4       16%         1
 Sandblast                Erth           8%         2d5       16%         1
 Portal Projectile        Hex/Tloc       22%        N/A       22%         3
 Passwall                 Tmut/Erth      3%         N/A       24%         2
 Kindle Blastsparks       Fire/Tloc/Air  18%        2d11      28%         3
 Manifold Assault         Tloc           17%        N/A       30%         4
 Call Canine Familiar     Summ           4%         N/A       43%         3
 Confusing Touch          Hex            4%         N/A       43%         3
 Ignite Poison            Fire/Tmut/Pois 4%         N/A       43%         3
 Stone Arrow              Conj/Erth      8%         3d7       43%         3
 Vampiric Draining        Necr           4%         2d6       43%         3
 Dispel Undead            Necr           4%         3d7       85%         4
 Leda's Liquefaction      Hex/Erth       2%         N/A       85%         4
 Olgreb's Toxic Radiance  Pois           4%         N/A       85%         4
 Sticky Flame             Conj/Fire      4%         2d3       85%         4
 Agony                    Necr           4%         N/A       99%         5
 Fireball                 Conj/Fire      2%         3d4       99%         5
 Freezing Cloud           Conj/Ice/Air   2%         6-21      99%         5
 Iskenderun's Battlesphe  Conj           4%         2d6       99%         5
 Conjure Ball Lightning   Conj/Air       2%         3x3d6     100%        6
 Orb of Destruction       Conj           2%         9d5       100%        7
 Ozocubu's Refrigeration  Ice            2%         4d7       100%        7
 Storm Form               Tmut/Air       2%         N/A       100%        7
 Ignition                 Fire           2%         3d3       100%        8


Dungeon Overview and Level Annotations

Branches:
Dungeon (6/15)
 Temple: D:4-7

Altars:
Gozag
Kikubaaqudgha

Shops:
D:4 *

Annotations:
D:3 exclusions: orc, orc priest and orc wizard
D:6 Crazy Yiuf


Innate Abilities, Weirdness & Mutations

You have a pair of antennae on your head.
You are partially covered in large bone plates. (SH +4)
A meltable icy envelope protects you from harm. (AC +0)
A meltable shield of frost defends you. (SH +0)
Spells you cast may paralyse adjacent enemies.


Message History

You see here a +0 hammer.
Found a hammer.
Found a runed translucent door.
Crazy Yiuf shouts!
Crazy Yiuf cries, "You leg down broken song, no?"
Crazy Yiuf says, "You!"
You open the door.
Crazy Yiuf cries, "Mountain sing-song green!"
Crazy Yiuf drinks a potion.
Crazy Yiuf seems to speed up.
You hit Crazy Yiuf but do no damage.
Crazy Yiuf zaps a wand.
The puff of flame hits you!
Your icy defenses dissipate!
Crazy Yiuf zaps a wand.
The puff of flame hits you!
You sock Crazy Yiuf!
Crazy Yiuf is heavily wounded.
You block Crazy Yiuf's attack.
You hit Crazy Yiuf.
Crazy Yiuf is severely wounded.
Crazy Yiuf hits you with a +3 quarterstaff of chaos!
Crazy Yiuf freezes you. Crazy Yiuf misses you.
You hit Crazy Yiuf but do no damage.
Crazy Yiuf is severely wounded.
Crazy Yiuf misses you.
You barely miss Crazy Yiuf.
Crazy Yiuf is severely wounded.
Crazy Yiuf hits you with a +3 quarterstaff of chaos!
You block Crazy Yiuf's attack.
Unknown command.
You closely miss Crazy Yiuf.
Crazy Yiuf is severely wounded.
Crazy Yiuf zaps a wand.
The puff of flame hits you.
You barely miss Crazy Yiuf.
Crazy Yiuf is severely wounded.
Crazy Yiuf screams, "Millenium snail agre!"
Crazy Yiuf hits you with a +3 quarterstaff of chaos!
* * * LOW HITPOINT WARNING * * *
Crazy Yiuf burns you.
* * * LOW HITPOINT WARNING * * *
Crazy Yiuf zaps a wand.
The puff of flame hits you!
You die...
Your body crumbles into a pile of gold.

#.# #.# #.# ####.#
##....# ###...###
........##♣♣ ###
###.....#..♣♣
♣♣#..)#
##........♣♣♣♣@g...#
#..#)..)..♣..♣#...#
#....#...♣.♣♣♣ ###
##.####♣♣♣♣♣ #.# #.#
#.# #.


You could see Crazy Yiuf (fast).

Vanquished Creatures
  Grinder (D:4)
  Sigmund (D:4)
  Menkaure (D:4)
  Edmund (D:6)
  A black bear (D:4)
  4 ogres (D:5)
  A phantom (D:5)
  A scorpion (D:5)
  A necrophage (D:5)
  8 wights
  A jelly (D:4)
  3 hounds
  A gnoll bouda (D:5)
  An orc priest (D:4)
  An iguana (D:5)
  Natasha (thrice) (D:4)
  3 orc wizards (D:4)
  9 gnolls (D:5)
  3 adders
  A shadow imp (D:5)
  An ufetubus (D:4)
  2 worms
  2 dart slugs (D:1)
  6 orcs (D:4)
  8 endoplasms
  3 giant cockroaches (D:1)
  6 goblins
  8 hobgoblins
  4 jackals (D:3)
  13 kobolds
  2 quokkas
  9 ball pythons
  A bat (D:3)
  A frilled lizard (D:2)
  2 rats
114 creatures vanquished.

Notes
Turn   | Place    | Note
-------+----------+-------------------------------------------
     0 | D:1      | tilp the Demonspawn Gladiator began the quest for the Orb.
     0 | D:1      | Reached XP level 1. HP: 16/16 MP: 1/1
    72 | D:1      | Gained mutation: A meltable shield of frost defends you.
                  | (SH +0) [demonic ancestry]
    72 | D:1      | Reached XP level 2. HP: 9/22 MP: 2/2
   474 | D:1      | Gained mutation: A meltable icy envelope protects you from
                  | harm. (AC +0) [demonic ancestry]
   474 | D:1      | Reached XP level 3. HP: 28/28 MP: 3/3
   477 | D:1      | Learned a level 2 spell: Blink
  1879 | D:3      | Gained mutation: You are partially covered in large bone
                  | plates. (SH +4) [demonic ancestry]
  1879 | D:3      | Reached XP level 4. HP: 33/34 MP: 4/4
  2020 | D:3      | Reached skill level 1 in Stealth
  2825 | D:4      | Reached skill level 1 in Translocations
  2951 | D:4      | Gained mutation: You have a pair of small antennae on your
                  | head. [demonic ancestry]
  2951 | D:4      | Reached XP level 5. HP: 32/41 MP: 6/6
  2963 | D:4      | Reached skill level 1 in Spellcasting
  2998 | D:4      | Noticed Natasha
  3009 | D:4      | Killed Natasha
  3206 | D:4      | Noticed Menkaure
  3221 | D:4      | Killed Menkaure
  3222 | D:4      | Gained mutation: A meltable icy envelope protects you from
                  | harm. (AC +0) [demonic ancestry]
  3222 | D:4      | Reached XP level 6. HP: 19/48 MP: 7/9
  3459 | D:4      | Noticed Grinder
  3499 | D:4      | Paralysed by Grinder for 5 turns
  3511 | D:4      | Killed Grinder
  3512 | D:4      | Gained mutation: You have a pair of antennae on your head.
                  | [demonic ancestry]
  3512 | D:4      | Reached XP level 7. HP: 48/54 MP: 10/13
  3573 | D:4      | Found an opulent altar of Gozag.
  3647 | D:4      | Found Zin's Purification Station.
  3695 | D:4      | Became a worshipper of Gozag Ym Sagoz the Greedy
  3824 | D:4      | Noticed Sigmund
  3838 | D:4      | Noticed Natasha
  3839 | D:4      | Killed Sigmund
  3840 | D:4      | Reached skill level 5 in Spellcasting
  3848 | D:4      | Killed Natasha
  3888 | D:4      | Noticed Natasha
  3897 | D:4      | Killed Natasha
  4016 | D:4      | Gained mutation: Spells you cast may paralyse adjacent
                  | enemies. [demonic ancestry]
  4016 | D:4      | Reached XP level 8. HP: 55/60 MP: 17/17
  4229 | D:5      | Entered Level 5 of the Dungeon
  4389 | D:5      | Found an ancient bone altar of Kikubaaqudgha.
  4432 | D:5      | Reached skill level 5 in Fighting
  5518 | D:5      | Reached skill level 5 in Maces & Flails
  6134 | D:6      | Reached XP level 9. HP: 52/68 MP: 18/18
  6291 | D:6      | Noticed Edmund
  6308 | D:6      | Killed Edmund
  6621 | D:6      | Found a runed translucent door.
  6622 | D:6      | Noticed Crazy Yiuf
  6633 | D:6      | Killed from afar by Crazy Yiuf

Illustrated notes

Levels and vault maps discovered:
D:1:      lightli_arrival_statue_moat, layout_basic
D:2:      layout_loops_ring, dk_noncrumbling_4, kennysheep_donut
D:3:      layout_basic, tso_metal_star
D:4:      layout_loops_corners, mainiacjoe_overflow_alcove_1, zin_purify,
          minmay_misc_feat_square, uniq_menkaure, uniq_sigmund, uniq_grinder,
          uniq_natasha
D:5:      layout_layer_cave, lemuel_tele_altar
D:6:      layout_loops_corners, lemuel_doored_altar, uniq_crazy_yiuf_cottage,
          uniq_edmund

Skill      XL: |  1  2  3  4  5  6  7  8  9 |
---------------+----------------------------+-----
Maces & Flails | 3 4 5 |  5.8
Throwing       | 2 |  2.0
Dodging        | 3 4 |  4.0
Stealth        | 1 2 |  2.0
Fighting       | 3 4 6 |  6.0
Translocations | 1 2 3 4 |  4.0
Spellcasting   | 2 4 6 |  6.0

Action                   |  1- 3 |  4- 6 |  7- 9 || total
-------------------------+-------+-------+-------++-------
Melee: Flail             |   152 |   128 |   234 ||   514
       Punch             |     1 |     2 |     5 ||     8
       Whip              |       |     5 |       ||     5
       Dire flail        |       |       |    18 ||    18
Throw: Boomerang         |       |     1 |    18 ||    19
 Cast: Blink             |       |     1 |     1 ||     2
  Use: Scroll            |     7 |     5 |     3 ||    15
 Stab: Sleeping          |     2 |     1 |     1 ||     4
       Distracted        |       |       |     1 ||     1
Armor: Leather armour    |    51 |    48 |    57 ||   156
Dodge: Dodged            |    86 |    57 |   118 ||   261
Block: Other             |    21 |    46 |    87 ||   154

Table legend: (Time is in decaauts)
 A = Elapsed time spent in this place.
 B = Non-inter-level travel time spent in this place.
 C = Inter-level travel time spent in this place.
 D = Time resting spent in this place.
 E = Time spent auto-exploring this place.
 F = Levels seen in this place.
 G = Mean time per level.
                   A        B        C        D        E       F      G
               +--------+--------+--------+--------+--------+-----+--------+
         Total |   6742 |   6466 |    276 |    636 |   4612 |   6 | 1123.7 |
       Dungeon |   6742 |   6466 |    276 |    636 |   4612 |   6 | 1123.7 |
               +--------+--------+--------+--------+--------+-----+--------+

Top non-repeatable levels by time:
     D:5: 1892 daAuts
     D:4: 1550 daAuts
     D:1: 994 daAuts
     D:2: 968 daAuts
     D:3: 794 daAuts
     D:6: 542 daAuts
